 Dungeon Crawl Stone Soup version 0.29-a0-322-g68df515428 (webtiles) character file.

Game seed: 10416916487574045030

8 Morbidden the Sneak (level 2, 23/23 HPs)
             Began as a Demonspawn Brigand on Apr 8, 2022.
             Was a Believer of Lugonu.
             Quit the game on level 1 of the Dungeon.
             The game lasted 00:00:27 (374 turns).

Morbidden the Sneak (Demonspawn Brigand)             Turns: 374, Time: 00:00:27

Health: 23/23      AC:  3    Str: 11    XL:     2   Next: 0%
Magic:  2/2        EV: 11    Int: 12    God:    Lugonu [**....]
Gold:   25         SH:  0    Dex: 14    Spells: 1/1 levels left

rFire   . . .      SeeInvis .   a - +2 dagger
rCold   . . .      Faith    .   (no shield)
rNeg    . . .      Spirit   .   b - +0 robe
rPois   .          Reflect  .   (no helmet)
rElec   .          Harm     .   c - +0 cloak
rCorr   .          Rampage  .   (no gloves)
Will    .....                   (no boots)
Stlth   ++........              (no amulet)
HPRegen 0.07/turn               (no ring)
MPRegen 0.08/turn               (no ring)

@: no status effects
A: demonic guardian 1
a: Renounce Religion, Depart the Abyss, Bend Space


You were on level 1 of the Dungeon.
You worshipped Lugonu.
Lugonu was pleased with you.
You visited 1 branch of the dungeon, and saw 1 of its levels.

You collected 25 gold pieces.

Inventory:

Hand Weapons
 a - a +2 dagger (weapon)
Missiles
 d - 9 poisoned darts (quivered)
 e - 3 curare-tipped darts
Armour
 b - a +0 robe (worn)
 c - a +0 cloak (worn)
Scrolls
 g - a scroll of fog {unknown}
Potions
 f - a potion of might {unknown}
 h - a potion of brilliance {unknown}


   Skills:
 + Level 2.3 Fighting
 + Level 1.9 Short Blades
 + Level 1.7 Throwing
 + Level 0.8 Dodging
 + Level 3.8 Stealth


You had one spell level left.
You didn't know any spells.
Your spell library was empty.

Dungeon Overview and Level Annotations

Branches:
Dungeon (1/15)

Altars:
Lugonu


Innate Abilities, Weirdness & Mutations

A weak demonic guardian rushes to your aid.


Message History

You kill the rat!
No target in view!
h - a black potion No target in view!
A hobgoblin comes into view.
A hobgoblin is nearby!
A hobgoblin is nearby!
A hobgoblin is nearby!
The hobgoblin hits you but does no damage.
A hobgoblin is nearby!
You hit the hobgoblin.
The hobgoblin is moderately wounded.
The hobgoblin misses you.
A hobgoblin is nearby!
You hit the hobgoblin.
The hobgoblin is heavily wounded.
The hobgoblin closely misses you.
A hobgoblin is nearby!
You closely miss the hobgoblin.
The hobgoblin is heavily wounded.
The hobgoblin hits you but does no damage.
A hobgoblin is nearby!
You hit the hobgoblin.
You kill the hobgoblin!
You have reached level 2!
Your demonic ancestry asserts itself...
You feel the presence of a demonic guardian.
You don't know any spells.
There is a faded altar of an unknown god here.
You cannot tell which god this altar belongs to.
Convert to them anyway?
Okay, then.
You cannot tell which god this altar belongs to.
Convert to them anyway?
Lugonu accepts your prayer! Lugonu welcomes you!
You can now depart the Abyss.
You can now bend space around yourself.
Unknown command.
Press < or > to pray at altars.
Are you sure you want to abandon this character and quit the game? (Confirm with "yes".)
Okay, then.
Are you sure you want to abandon this character and quit the game? (Confirm with "yes".)

#.# #............###.....
#.# ####+###..............
#.# #.........#.........##
#.###......##+#.........##
#..........+............##
#####......#............##
#.......................#
#.###...........##......##
#....@......##.####...
#...........##.# #.##
#.......#+#....# #.#
#.......# ###### #.#
#######.# #.# #.# #.# ...
#.# #.## #.#


There were no monsters in sight!

Vanquished Creatures
  A bat (D:1)
  An endoplasm (D:1)
  2 hobgoblins (D:1)
  A ball python (D:1)
  A frilled lizard (D:1)
  A kobold (D:1)
  A rat (D:1)
8 creatures vanquished.

Notes
Turn   | Place    | Note
-------+----------+-------------------------------------------
     0 | D:1      | Morbidden the Demonspawn Brigand began the quest for the
                  | Orb.
     0 | D:1      | Reached XP level 1. HP: 16/16 MP: 1/1
   262 | D:1      | Found a faded altar of an unknown god.
   343 | D:1      | Gained mutation: A weak demonic guardian rushes to your
                  | aid. [demonic ancestry]
   343 | D:1      | Reached XP level 2. HP: 23/23 MP: 2/2
   373 | D:1      | Prayed at the altar of an unknown god.
   373 | D:1      | Became a worshipper of Lugonu the Unformed
   373 | D:1      | Reached * piety under Lugonu
   373 | D:1      | Reached ** piety under Lugonu
   374 | D:1      | Quit the game

Illustrated notes

Levels and vault maps discovered:
D:1:      lemuel_arrival_river_bridge, layout_basic, basic_ecumenical_altar

Action                   || total
-------------------------++-------
Melee: Dagger            ||    23
 Stab: Sleeping          ||     3
Armor: Robe              ||     8
Dodge: Dodged            ||     8

Table legend: (Time is in decaauts)
 A = Elapsed time spent in this place.
 B = Non-inter-level travel time spent in this place.
 C = Inter-level travel time spent in this place.
 D = Time resting spent in this place.
 E = Time spent auto-exploring this place.
 F = Levels seen in this place.
 G = Mean time per level.
                   A        B        C        D        E       F      G
               +--------+--------+--------+--------+--------+-----+--------+
         Total |    372 |    349 |     23 |      0 |    272 |   1 |  372.0 |
       Dungeon |    372 |    349 |     23 |      0 |    272 |   1 |  372.0 |
               +--------+--------+--------+--------+--------+-----+--------+

Top non-repeatable levels by time:
     D:1: 372 daAuts
